AoeStats
← [GDL] HANNIBAL

Arena

509181578Analyzed
4v4 RM · 7d ago on Sep 25, 2026· 32m 51s· 8 players
Game mode
Random Map
Map size
Large (8 player)
Population
200
Speed
Normal
Resources
Standard
Victory
Conquest
Starting age
Dark Age
Ending age
Imperial Age
RankedLock teamsTeams togetherTeam positionsShared explorationLock speedFull tech treeHidden civsTurbo modeCheats
Victory
Defeat
🇲🇽 Cumans · Mexico
1590
+10
🇧🇾 Koreans · Belarus
1424
+16
🇸🇬 Burgundians · Singapore
1409
+17
🇲🇽 Bulgarians · Mexico
1360
+18
🇦🇷 Cumans · Argentina
1503
-18
🇦🇷 Jurchens · Argentina
1469
-17
🇦🇷 Burgundians · Argentina
1431
-15
🇨🇱 Malay · Chile
1325
-11
DL | Nato
5:45 Loom
8:48 Feudal Age
9:18 Double-Bit Axe
11:04 Town Watch
15:54 Wheelbarrow
21:38 Castle Age
21:08 Horse Collar
26:05 Heavy Plow
26:18 Bow Saw
34:25 Imperial Age
32:58 Gold Mining
32:58 Stone Mining
33:01 Fletching
33:11 Padded Archer Armor
32:35 Crossbowman
Cyndaquil
10:33 Feudal Age
9:59 Loom
14:29 Castle Age
12:52 Double-Bit Axe
14:15 Scale Mail Armor
16:00 Chain Mail Armor
21:49 Bow Saw
27:57 Wheelbarrow
27:39 Horse Collar
28:24 Heavy Plow
29:55 Town Watch
DL | Anubis_Killa
3:08 Double-Bit Axe
6:22 Loom
9:48 Feudal Age
Francisco Pizarron
5:44 Loom
8:28 Feudal Age
9:00 Double-Bit Axe
10:10 Horse Collar
12:35 Horse Collar
18:02 Wheelbarrow
22:12 Castle Age
23:06 Bow Saw
23:33 Heavy Plow
30:08 Imperial Age
28:29 Stone Mining
29:12 Gold Mining
29:29 Fletching
31:05 Bodkin Arrow
31:48 Ballistics
Ferpo
4:58 Loom
8:53 Feudal Age
10:18 Wheelbarrow
9:30 Double-Bit Axe
21:26 Horse Collar
23:40 Gold Mining
23:44 Stone Mining
26:23 Castle Age
24:37 Scale Barding Armor
25:43 Bloodlines
26:46 Fletching
27:31 Heavy Plow
27:41 Bow Saw
27:21 Capped Ram
31:31 Chain Barding Armor
[GDL] HANNIBAL
3:02 Loom
10:55 Feudal Age
12:39 Loom
14:10 Double-Bit Axe
16:30 Castle Age
14:43 Scale Mail Armor
14:49 Horse Collar
16:17 Forging
17:54 Chain Mail Armor
20:00 Squires
22:07 Bow Saw
22:23 Arson
23:36 Town Watch
24:15 Gambesons
25:19 Pikeman
28:56 Wheelbarrow
29:12 Heavy Plow
29:22 Town Patrol
30:55 Hand Cart
andreymarchanka
9:12 Loom
10:57 Feudal Age
15:03 Castle Age
13:07 Double-Bit Axe
16:06 Bow Saw
29:36 Wheelbarrow
31:00 Horse Collar
8316699
5:22 Double-Bit Axe
10:40 Feudal Age
9:54 Horse Collar
14:29 Castle Age
13:57 Bow Saw
13:47 Heavy Plow
17:12 Scale Barding Armor
17:53 Husbandry
19:27 Forging
19:39 Cavalier
24:29 Chain Barding Armor
25:29 Wheelbarrow
27:05 Wheelbarrow
27:11 Wheelbarrow
31:12 Imperial Age
29:47 Hand Cart
29:24 Gold Mining
30:06 Crop Rotation
29:28 Stone Mining
31:58 Gold Shaft Mining
31:58 Stone Shaft Mining
32:58 Two-Man Saw
32:36 Plate Barding Armor
32:36 Iron Casting
31:52 Fletching
32:44 Paladin
Connection lost

Rejoining the realm…

Still unreachable

The connection could not be restored.

Session expired

The server has moved on; the page needs a fresh start.